 Dungeon Crawl Stone Soup version 0.16-a0-2652-gd333f3b (webtiles) character file.

4001 RobertPalmer the Covert (level 10, 52/60 HPs)
             Began as an Octopode Gladiator on Nov 23, 2014.
             Quit the game on level 8 of the Dungeon.
             The game lasted 00:26:47 (10261 turns).

RobertPalmer the Covert (Octopode Gladiator)       Turns: 10261, Time: 00:26:47

Health: 52/60      AC:  1    Str: 15    XL:     10   Next: 23%
Magic:  10/10      EV: 16    Int: 14    God:
Gold:   424        SH:  0    Dex: 13    Spells: 2 memorised, 1 level left

rFire  . . .     SeeInvis .     a - +2 spear "Giantbane" {pierce, rPois Str+1}
rCold  . . .     Clarity  .     (no shield)
rNeg   . . .     SustAb   .     c - +0 hat
rPois  +         Gourm    .     (no amulet)
rElec  .         Spirit   .     (no ring)
rCorr  .         Warding  .     (no ring)
rMut   .         Stasis   .     (no ring)
MR     .....                    (no ring)
Stlth  ++++++....               (no ring)
                                (no ring)
                                (no ring)
                                (no ring)

@: not resistant to hostile enchantments, very stealthy
A: almost no armour, amphibious, 8 rings, constrict 8, camouflage 1, gelatinous
body 1
a: no special abilities


You were on level 8 of the Dungeon.
You were not hungry.

You visited 2 branches of the dungeon, and saw 10 of its levels.

You collected 424 gold pieces.


Innate Abilities, Weirdness & Mutations

You cannot wear most types of armour.
You are amphibious.
You can wear up to eight rings at the same time.
You can use your tentacles to constrict many enemies at once.
Your skin changes colour to match your surroundings (Stealth).
Your rubbery body absorbs attacks (AC +1).


   Skills:
 - Level 2.0 Fighting
 - Level 9.4 Polearms
 - Level 2.0 Throwing
 - Level 8.1 Dodging
 - Level 10.7 Stealth
 + Level 3.8 Hexes


You had one spell level left.
You knew the following spells:

 Your Spells              Type           Power        Failure   Level  Hunger
y - Enslavement           Hex            ##......     71%         4    #####..
Z - Control Undead        Necr           #.........   100%        4    #####..

Inventory:

Hand weapons
 a - the +2 spear "Giantbane" (weapon) {pierce, rPois Str+1}
   (You found it on level 4 of the Dungeon)

   It inflicts extra damage upon your enemies.
   It affects your strength (+1).
   It protects you from poison.
 u - a +1 trident
Missiles
 v - 14 poisoned needles
 F - a throwing net (quivered)
Armour
 c - a +0 hat (worn)
Magical staves
 E - an uncursed staff of power {!a}
Magical devices
 d - a wand of slowing (27)
 k - a wand of random effects (19)
 s - a wand of digging (11)
 y - a wand of digging (14)
 z - a wand of digging (0)
 B - a wand of paralysis (1)
Scrolls
 b - 9 scrolls of identify
 e - a scroll of immolation {!r}
 g - a scroll of remove curse
 x - 2 scrolls of enchant armour {unknown}
 C - a scroll of fear
 D - a scroll of enchant weapon
Potions
 h - a potion of degeneration {unknown}
 m - 4 potions of brilliance
 n - 2 potions of cancellation
 o - 7 potions of curing
 r - a potion of resistance
 t - 2 potions of mutation {!q}
 A - a potion of lignification {unknown}
Books
 l - a book of Control
 w - a book of Burglary
Comestibles
 f - 8 bread rations
 i - 9 fruits
 j - 4 meat rations
 p - 8 beef jerkies
 q - 2 royal jellies

Dungeon Overview and Level Annotations

Branches:
Dungeon (9/15)             Temple (1/1) D:6
   Lair: D:8-11         Orc: D:9-12

Altars:
Ashenzari
Cheibriados
Dithmenos
Elyvilon
Fedhas
Gozag
Makhleb
Nemelex Xobeh
Okawaru
Qazlal
Ru
Trog
Yredelemnul
Zin
The Shining One

Shops:
D:4

* #..###...####....## #....# #
#..# ###..##......# ##.<..## #
##.## #.....##...###......#
###..### ##....####...##...#..###
.......###.....# #.......###..##
..............## #......## #....
........#####.#####......# ##...
.......## #..##........# #..#
.......# ##..@........# ##.##
.......# ##..)........# #..##
..)....######............####...#
.#####..##.......................
## ##....###................... #
##..####...###..............
##..## #...## #..............
###....###..## ##.............
###..........## #............#


There were no monsters in sight!


Message History

The yak barely misses you.
Okay, then.
There is a stone staircase leading up here.
The yak gores you.
You climb upwards.
There is a stone staircase leading down here.
You hit the yak.
The yak is lightly wounded.
The yak gores you but does no damage.
You barely miss the yak. You squeeze the yak.
The yak is moderately wounded.
The yak barely misses you.
You hit the yak.
The yak is heavily wounded.
You hit the yak. You squeeze the yak, but do no damage.
The yak is severely wounded.
The yak gores you!
You puncture the yak!
The yak is almost dead.
The yak closely misses you.
You hit the yak.
You kill the yak!
No target in view!
No target in view!
There is a stone staircase leading down here.
Quiver which item? (- for none, * to show all) (? for menu, Esc to quit)
Okay, then.
Search for what [Enter for "kiku", or ? for help]?
Okay, then.
Are you sure you want to abandon this character and quit the game? (Confirm with "yes".)

Action                   |  1- 3 |  4- 6 |  7- 9 | 10-12 || total
-------------------------+-------+-------+-------+-------++-------
Melee: Trident           |    75 |    98 |       |       ||   173
       Spear             |       |       |   436 |    39 ||   475
Throw: Throwing net      |     2 |     2 |     6 |       ||    10
Evoke: Wand              |       |     1 |     3 |     3 ||     7
  Use: Scroll            |       |    11 |     6 |       ||    17
       Potion            |       |     2 |     5 |       ||     7
 Stab: Sleeping          |     7 |    10 |    39 |     5 ||    61
       Held in net/web   |     4 |       |     4 |       ||     8
       Distracted        |       |     1 |     5 |       ||     6
       Invisible         |       |       |     5 |     2 ||     7
       Fleeing           |       |       |     1 |       ||     1
       Paralysed         |       |       |       |     4 ||     4
  Eat: Chunk             |       |     8 |    19 |     3 ||    30

Vault maps used:
D:1:      tarquinn_simple_flora_water_f
D:2:      grunt_qazlal_clouds, uniq_terence
D:3:      nicolae_overflow_hidden_temple, lemuel_crystal_altar, first_bread,
          uniq_grinder
D:4:      zin_purify
D:5:      basic_altar, uniq_natasha, uniq_duvessa, uniq_sigmund
D:6:      minmay_temple_entry_steel_oval, uniq_iyjb
D:7:      uniq_crazy_yiuf_cottage
D:8:      grunt_temple_overflow_open, grunt_ogre_cave, grunt_dithmenos_shadows,
          uniq_eustachio
D:9:      grunt_temple_overflow_magic_moments, xom_redecorated,
          kennysheep_mini_moat, jiyva_altar_1
Temple:   temple_island_7

Notes
Turn   | Place    | Note
--------------------------------------------------------------
     0 | D:1      | RobertPalmer, the Octopode Gladiator, began the quest for the Orb.
     0 | D:1      | Reached XP level 1. HP: 14/14 MP: 1/1
   376 | D:1      | Reached XP level 2. HP: 16/19 MP: 2/2
   706 | D:1      | Reached skill level 4 in Polearms
   706 | D:1      | Reached XP level 3. HP: 18/24 MP: 3/3
   899 | D:2      | Noticed Terence
   959 | D:2      | Killed Terence
   959 | D:2      | Reached XP level 4. HP: 12/29 MP: 4/4
  1260 | D:2      | Found a stormy altar of Qazlal.
  1641 | D:3      | Reached skill level 5 in Polearms
  2291 | D:3      | Found a blossoming altar of Fedhas.
  2808 | D:2      | Identified a potion of resistance
  3003 | D:3      | Found a white marble altar of Elyvilon.
  3042 | D:3      | Noticed Grinder
  3047 | D:3      | Paralysed by Grinder for 4 turns
  3059 | D:3      | Killed Grinder
  3059 | D:3      | Reached skill level 7 in Polearms
  3059 | D:3      | Reached XP level 5. HP: 16/34 MP: 5/5
  3059 | D:3      | Reached XP level 6. HP: 18/39 MP: 6/6
  3565 | D:4      | Reached skill level 3 in Stealth
  3660 | D:4      | Reached XP level 7. HP: 17/45 MP: 7/7
  3809 | D:4      | Got a slimy spear
  3817 | D:4      | Identified the cursed +2 spear "Giantbane" {pierce, rPois Str+1} (You found it on level 4 of the Dungeon)
  3878 | D:4      | Found Zin's Purification Station.
  3880 | D:4      | Found a glowing silver altar of Zin.
  3915 | D:4      | Reached skill level 4 in Stealth
  4165 | D:4      | Reached skill level 6 in Stealth
  4283 | D:4      | Reached skill level 7 in Stealth
  5093 | D:5      | Entered Level 5 of the Dungeon
  5093 | D:5      | Noticed Sigmund
  5102 | D:5      | Killed Sigmund
  5102 | D:5      | Reached skill level 8 in Stealth
  5102 | D:5      | Reached XP level 8. HP: 31/50 MP: 8/8
  5311 | D:5      | Reached skill level 9 in Stealth
  5349 | D:5      | Noticed Duvessa
  5358 | D:5      | Noticed Dowan
  5551 | D:5      | Reached skill level 10 in Stealth
  5604 | D:5      | Found a blossoming altar of Fedhas.
  5605 | D:5      | Noticed Natasha
  5834 | D:5      | Killed Duvessa
  5846 | D:5      | Killed Dowan
  6074 | D:5      | Killed Natasha
  6074 | D:5      | Reached skill level 8 in Polearms
  6661 | D:6      | Found a staircase to the Ecumenical Temple.
  6661 | D:6      | Noticed Ijyb
  6907 | D:6      | Killed Ijyb
  6916 | Temple   | Entered the Ecumenical Temple
  7000 | D:6      | Reached XP level 9. HP: 54/54 MP: 9/9
  7065 | D:6      | Reached skill level 9 in Polearms
  7135 | D:6      | HP: 5/54 [ice beast (5)]
  7192 | D:5      | Noticed Natasha
  7468 | D:4      | Learned a level 4 spell: Enslavement
  7473 | D:4      | Learned a level 4 spell: Control Undead
  7568 | D:5      | Killed Natasha
  7597 | D:5      | Noticed Natasha
  7602 | D:5      | Killed Natasha
  7917 | D:7      | Noticed Crazy Yiuf
  7925 | D:7      | Killed Crazy Yiuf
  8020 | D:7      | Reached skill level 4 in Dodging
  8330 | D:7      | Reached skill level 5 in Dodging
  8694 | D:8      | Reached skill level 6 in Dodging
  8851 | D:8      | Found a shadowy altar of Dithmenos.
  9038 | D:8      | Reached skill level 7 in Dodging
  9143 | D:8      | Found a stormy altar of Qazlal.
  9145 | D:8      | Found a sacrificial altar of Ru.
  9145 | D:8      | Found an iron altar of Okawaru.
  9147 | D:8      | Found a burning altar of Makhleb.
  9721 | D:8      | Reached skill level 8 in Dodging
  9721 | D:8      | Reached XP level 10. HP: 60/60 MP: 10/10
  9757 | D:8      | Reached skill level 1 in Hexes
  9792 | D:8      | Reached skill level 2 in Hexes
 10003 | D:8      | Noticed Eustachio
 10009 | D:8      | Killed Eustachio
 10194 | D:9      | Reached skill level 3 in Hexes
 10261 | D:8      | Quit the game

Vanquished Creatures
  Grinder (D:3)
  A wyvern (D:8)
  Eustachio (D:8)
  2 yaks
  A black bear (D:8)
  3 ice beasts
  A necrophage (D:8)
  3 phantoms
  3 sky beasts
  3 ogres
  2 centaurs
  Sigmund (D:5)
  Duvessa (D:5)
  4 giant frogs
  A water moccasin zombie (D:5)
  A scorpion (D:7)
  Dowan (D:5)
  6 crimson imps
  3 hounds
  9 orc priests
  A goliath beetle (D:7)
  Crazy Yiuf (D:7)
  2 centaur skeletons
  6 orc wizards
  Natasha (thrice) (D:5)
  3 iguanas
  A worker ant (D:5)
  Ijyb (D:6)
  Terence (D:2)
  A worker ant zombie (D:5)
  9 adders
  3 gnolls (D:4)
  3 giant mites
  A shadow imp (D:5)
  A worm (D:5)
  An adder skeleton (D:6)
  4 giant geckos
  2 oozes
  24 orcs
  2 ball pythons
  19 hobgoblins
  4 jackals
  12 kobolds
  2 quokkas
  23 bats
  4 giant newts
  9 goblins
  2 quokka skeletons
  19 rats
212 creatures vanquished.
